 Dungeon Crawl Stone Soup version 0.31-a0-177-g4aa6249778 (webtiles) character file.

Game seed: 6453510771819092829

349 mopl the Caller (level 6, -3/41 HPs)
             Began as a Barachi Summoner on June 18, 2023.
             Slain by a hound (5 damage)
             ... on level 3 of the Dungeon.
             The game lasted 00:04:07 (2201 turns).

mopl the Caller (Barachi Summoner)                  Turns: 2201, Time: 00:04:07

Health: -3/41      AC:  2    Str:  9    XL:     6   Next: 60%
Magic:  8/13       EV: 12    Int: 18    God:
Gold:   101        SH:  0    Dex: 12    Spells: 6/15 levels left

rFire   . . .        p - +0 halberd
rCold   . . .        (shield currently unavailable)
rNeg    . . .        a - +0 robe
rPois   .            (no helmet)
rElec   .            (no cloak)
rCorr   .            (no gloves)
SInv    .            (no boots)
Will    .....        (no amulet)
Stlth   ++           (no ring)
HPRegen 0.26/turn    (no ring)
MPRegen 0.13/turn

%: no passive effects
@: slow
A: amphibious, slowness 1, strong legs 1, +LOS
a: Hop


You were on level 3 of the Dungeon.
You visited 1 branch of the dungeon, and saw 3 of its levels.

You collected 101 gold pieces.

Inventory:

Hand Weapons
 c - a +0 hand axe
 k - a +0 scythe
 p - a +0 halberd (weapon)
Missiles
 l - 2 boomerangs
Armour
 a - a +0 robe (worn)
Magical Staves
 o - a staff of conjuration
Wands
 m - a wand of roots (8)
 n - a wand of flame (21)
Scrolls
 d - a scroll of enchant weapon {unknown}
 e - 4 scrolls of identify {unknown}
 g - 2 scrolls of teleportation {unknown}
 h - a scroll of amnesia {unknown}
Potions
 b - 2 potions of magic
 f - 3 potions of ambrosia {unknown}
 i - 2 potions of brilliance {unknown}
 j - a potion of lignification {unknown}


   Skills:
 + Level 1.0 Polearms
 - Level 2.1 Dodging
 - Level 1.7 Stealth
 * Level 5.0 Spellcasting
 * Level 7.2 Summonings


You had 6 spell levels left.
You knew the following spells:

 Your Spells              Type           Power      Damage    Failure   Level
a - Summon Small Mammal   Summ           100%       N/A       1%          1
b - Call Imp              Summ           60%        N/A       1%          2
c - Call Canine Familiar  Summ           30%        N/A       1%          3
g - Summon Guardian Gole  Hex/Summ       17%        N/A       9%          3

Your spell library contained the following spells:

 Spells                   Type           Power      Damage    Failure   Level
 Shock                    Conj/Air       16%        1d4       13%         1
 Summon Lightning Spire   Summ/Air       17%        N/A       30%         4
 Swiftness                Air            4%         N/A       36%         3
 Airstrike                Air            2%         2d(1-17)  78%         4


Dungeon Overview and Level Annotations

Branches:
Dungeon (3/15)

Altars:
Okawaru


Innate Abilities, Weirdness & Mutations

You are amphibious.
You cover ground slowly.
You can hop short distances.
You have an extended range of vision and can be seen from far away.


Message History

The orc shouts!
You reach to attack!
You barely miss the orc. You closely miss the orc.
The orc hits you with a +0 hand axe.
You barely miss the orc. The orc barely misses you. x2
You completely miss the orc. The orc hits you with a +0 hand axe.
You barely miss the orc. The orc closely misses you. x2
The ogre shouts!
You hit the orc.
The orc is heavily wounded.
The orc completely misses you.
You hit the orc.
You kill the orc!
No target in view!
The ogre hits you with a +0 giant club!!
Ouch! That really hurt!
The hound barks!
The ogre attacks as you move away! The ogre barely misses you.
Really walk into that dispersal trap?
You enter a dispersal trap!
The ogre blinks!
The hound blinks!
The ogre blinks!
You blink.
Found a stone staircase leading up.
The hound attacks as you move away! The hound bites you.
* * * LOW HITPOINT WARNING * * *
The hound closely misses you. The hound barely misses you.
Casting: Call Imp (safe; 1% risk of failure)
Confirm with . or Enter, or press ? or * to list all spells.
The hound bites you.
* * * LOW HITPOINT WARNING * * *
The hound misses you. The hound bites you.
* * * LOW HITPOINT WARNING * * *
The hound attacks as you move away! The hound bites you but does no damage.
Your hound barely misses the hound.
The hound barely misses you.
Your hound misses the hound.
Your hound barely misses the hound.
The hound bites you.
* * * LOW HITPOINT WARNING * * *
Casting: Call Canine Familiar (safe; 1% risk of failure)
Confirm with . or Enter, or press ? or * to list all spells.
A tiny devil pulls itself out of the air.
Your hound bites the hound.
The hound bites you.
You die...

............#########.... .
................. .....##
.............# ####..#..##
.##........<.# #..........
#..........# #...!..8.....#
#..........# #..§≈..8._...#
#..........# #.§≈≈..8.....#
##.......h####..≈≈..8888..##
##.......h@.#.§≈§..........
########.5...§§≈..........
#...#..≈≈≈≈≈≈≈.....
#...#§.≈≈≈≈§≈≈.....
#...#......{.......
#####.........O.<..
####....†...... ####........
###......


You could see a hound (ally target), a friendly hound (summoned) and a friendly
cerulean imp (summoned).

Vanquished Creatures
  A hound (D:3)
  An orc priest (D:3)
  An adder (D:2)
  2 dart slugs (D:1)
  2 orcs
  3 ball pythons
  4 endoplasms
  2 giant cockroaches
  2 goblins
  4 hobgoblins
  2 kobolds
  6 bats
  4 frilled lizards (D:1)
  2 rats
36 creatures vanquished.

Vanquished Creatures (collateral kills)
  Sigmund (D:2)
  An orc wizard (D:3)
  A gnoll (D:3)
  2 adders
  3 orcs
  2 bats
  A goblin (D:1)
  4 hobgoblins
  2 kobolds
  A quokka (D:3)
  3 frilled lizards
  2 rats (D:1)
23 creatures vanquished.

Grand Total: 59 creatures vanquished

Notes
Turn   | Place    | Note
-------+----------+-------------------------------------------
     0 | D:1      | mopl the Barachi Summoner began the quest for the Orb.
     0 | D:1      | Reached XP level 1. HP: 13/13 MP: 3/3
    71 | D:1      | Reached skill level 5 in Summonings
   218 | D:1      | Reached XP level 2. HP: 9/19 MP: 2/5
   264 | D:1      | Learned a level 2 spell: Call Imp
   578 | D:1      | Reached XP level 3. HP: 24/24 MP: 7/7
   607 | D:1      | Reached skill level 3 in Spellcasting
   684 | D:1      | Learned a level 3 spell: Call Canine Familiar
  1035 | D:2      | Noticed Sigmund
  1054 | D:2      | Killed Sigmund
  1055 | D:2      | Reached skill level 4 in Spellcasting
  1055 | D:2      | Reached skill level 6 in Summonings
  1055 | D:2      | Reached XP level 4. HP: 30/30 MP: 3/10
  1055 | D:2      | Reached XP level 5. HP: 35/35 MP: 3/11
  1265 | D:2      | Reached XP level 6. HP: 36/41 MP: 12/12
  1307 | D:2      | Learned a level 3 spell: Summon Guardian Golem
  1628 | D:3      | Found an iron altar of Okawaru.
  2034 | D:3      | Reached skill level 7 in Summonings
  2078 | D:3      | Reached skill level 1 in Polearms
  2078 | D:3      | Reached skill level 5 in Spellcasting
  2200 | D:3      | HP: 1/41 [hound (4)]
  2201 | D:3      | Slain by a hound

Illustrated notes

Levels and vault maps discovered:
D:1:      lemuel_arrival_behind_the_door_small, layout_rooms
D:2:      layout_basic, grunt_decor_cap, item_on_display_a, uniq_sigmund
D:3:      layout_rooms, mainiacjoe_overflow_chevrons, cheibrodos_gnoll_hut,
          uniq_terence

Skill      XL: |  1  2  3  4  5  6 |
---------------+-------------------+-----
Summonings     | 5 6 7 |  7.2
Spellcasting   | 4 5 |  5.0
Polearms       | 1 |  1.0
Dodging        | |  2.1
Stealth        | |  1.7

Action                     |  1- 3 |  4- 6 || total
---------------------------+-------+-------++-------
  Melee: Unarmed           |    33 |       ||    33
         Hand axe          |    87 |    47 ||   134
         Punch             |     2 |       ||     2
         Halberd           |       |    12 ||    12
   Cast: Summon Small Mamm |     7 |     2 ||     9
         Call Imp          |     1 |     5 ||     6
         Call Canine Famil |     3 |     9 ||    12
   Stab: Sleeping          |     3 |     2 ||     5
         Distracted        |       |     1 ||     1
 Armour: Robe              |    38 |     6 ||    44
  Dodge: Dodged            |   117 |    48 ||   165

Table legend: (Time is in decaauts)
 A = Elapsed time spent in this place.
 B = Non-inter-level travel time spent in this place.
 C = Inter-level travel time spent in this place.
 D = Time resting spent in this place.
 E = Time spent auto-exploring this place.
 F = Levels seen in this place.
 G = Mean time per level.
                   A        B        C        D        E       F      G
               +--------+--------+--------+--------+--------+-----+--------+
         Total |   2483 |   2396 |     87 |    698 |    985 |   3 |  827.7 |
       Dungeon |   2483 |   2396 |     87 |    698 |    985 |   3 |  827.7 |
               +--------+--------+--------+--------+--------+-----+--------+

Top non-repeatable levels by time:
     D:2: 1201 daAuts
     D:1: 944 daAuts
     D:3: 337 daAuts
